 Dungeon Crawl Stone Soup version 0.27.1-34-g3ba077fa99 (webtiles) character file.

Game seed: 9090229966320103698

25 Gabide the Skirmisher (level 3, -1/29 HPs)
             Began as a Human Monk on Jan 24, 2022.
             Slain by an adder (3 damage)
             ... on level 2 of the Dungeon.
             The game lasted 00:07:15 (1268 turns).

Gabide the Skirmisher (Human Monk)                  Turns: 1268, Time: 00:07:16

Health: -1/29      AC:  3    Str: 11    XL:     3   Next: 20%
Magic:  3/3        EV: 13    Int: 10    God:
Gold:   23         SH:  0    Dex: 16    Spells: 2/2 levels left

rFire    . . .     SeeInvis .   a - +0 mace
rCold    . . .     Faith    .   (no shield)
rNeg     . . .     Spirit   .   b - +1 robe
rPois    .         Reflect  .   (no helmet)
rElec    .         Harm     .   (no cloak)
rCorr    .         Rampage  .   (no gloves)
Will     +....                  (no boots)
Stlth    ++........             (no amulet)
HPRegen  0.09/turn              g - ring of willpower
MPRegen  0.08/turn              (no ring)

@: lethally poisoned (-1 -> -3)
A: no striking features
a: no special abilities


You were on level 2 of the Dungeon.
You visited 1 branch of the dungeon, and saw 2 of its levels.

You collected 23 gold pieces.

Inventory:

Hand Weapons
 a - a +0 mace (weapon)
Armour
 b - a +1 robe (worn)
Jewellery
 c - a ring of willpower
 g - a ring of willpower (left hand)


   Skills:
 * Level 3.5 Fighting
 + Level 3.2 Maces & Flails
 * Level 3.3 Dodging
 + Level 2.0 Stealth


You had 2 spell levels left.
You didn't know any spells.
Your spell library contained the following spells:

 Spells                   Type           Power      Damage    Failure   Level
 Magic Dart               Conj           0%         1d3       36%         1
 Call Imp                 Summ           0%         N/A       50%         2
 Mephitic Cloud           Conj/Pois/Air  0%         N/A       75%         3


Dungeon Overview and Level Annotations

Branches:
Dungeon (2/15)

Altars:

Shops:
D:1 [!   D:2 ?


Message History

You hit the adder but do no damage.
You feel sick. The adder misses you. The adder bites you.
You hit the adder but do no damage.
You feel sick. The adder bites you. x2
You closely miss the adder.
You feel sick.
You are no longer poisoned.
The adder bites you.
You are poisoned.
The adder poisons you!
You barely miss the adder.
You feel sick. The adder barely misses you.
The adder bites you but does no damage.
You are too injured to fight recklessly!
You are too injured to fight recklessly!
You feel better. The adder misses you.
You aren't carrying any potions.
You closely miss the adder. The adder bites you.
You are poisoned.
The adder poisons you!
You barely miss the adder.
You feel sick. The adder bites you.
You are more poisoned.
The adder poisons you! The adder barely misses you.
You barely miss the adder.
You feel very sick. The adder closely misses you. The adder bites you.
You sock the adder!
The adder is heavily wounded.
You feel sick. The adder bites you but does no damage.
You closely miss the adder.
The adder is heavily wounded.
You feel sick. The adder bites you.
* * * LOW HITPOINT WARNING * * *
The adder bites you but does no damage.
You hit the adder.
The adder is severely wounded.
You feel sick. The adder bites you.
* * * LOW HITPOINT WARNING * * *
You miss the adder.
The adder is severely wounded.
* * * LOW HITPOINT WARNING * * *
You feel sick. The adder bites you but does no damage. The adder bites you.
You die...

. #+# .. .. .. .
.#.## + . ...# #.#.
###$##
##...##....####
.............>###
#.......#.##...#
#...##.@.#....#.###
#..∩...S.####.#.#<#
....##............###
#.# ...#...........#
. #..##.#.....#.#.#
#.. .#.#.....#.# ##.
##.......# # ..
#...#.### #####..


You could see an adder.

Vanquished Creatures
  A dart slug (D:1)
  4 bats
  3 endoplasms (D:1)
  A giant cockroach (D:1)
  2 goblins (D:1)
  A hobgoblin (D:1)
  2 kobolds (D:1)
  2 quokkas
  2 ball pythons (D:1)
  2 frilled lizards (D:1)
  A rat (D:1)
21 creatures vanquished.

Notes
Turn   | Place    | Note
-------+----------+-------------------------------------------
     0 | D:1      | Gabide the Human Monk began the quest for the Orb.
     0 | D:1      | Reached XP level 1. HP: 18/18 MP: 1/1
     2 | D:1      | Noticed a barachi
     2 | D:1      | Noticed a ghoul
     4 | D:1      | Noticed a dwarf
     4 | D:1      | Noticed a human
     6 | D:1      | Noticed a vine stalker
    12 | D:1      | Noticed a spriggan
    12 | D:1      | Noticed an octopode
    14 | D:1      | Noticed an ogre
    14 | D:1      | Noticed a vampire
    16 | D:1      | Noticed a felid
    16 | D:1      | Noticed a palentonga
    18 | D:1      | Noticed a djinni
    18 | D:1      | Noticed a merfolk
    20 | D:1      | Noticed a naga
    20 | D:1      | Noticed an elf
    22 | D:1      | Noticed a formicid
    24 | D:1      | Noticed a demigod
    26 | D:1      | Noticed a tengu
    26 | D:1      | Noticed a draconian
    28 | D:1      | Noticed a minotaur
    28 | D:1      | Noticed a gargoyle
    30 | D:1      | Noticed a troll
    30 | D:1      | Noticed a demonspawn
   208 | D:1      | Reached XP level 2. HP: 20/24 MP: 2/2
   766 | D:1      | Found Gemaorur's Armour Shoppe.
   787 | D:1      | Reached XP level 3. HP: 29/29 MP: 3/3
   901 | D:1      | Found Ybakh's Distillery.
   965 | D:1      | Found a faded altar of an unknown god.
  1254 | D:2      | Found Lusompi's Magic Scroll Emporium.
  1268 | D:2      | Slain by an adder

Illustrated notes

Levels and vault maps discovered:
D:1:      kb_arrival_jail, layout_loops_cross, serial_shops,
          nicolae_shop_crystal, shop, hellmonk_ecumenical_altar_crossroads,
          minmay_box_of_dots
D:2:      layout_basic, serial_shops, shop

Action                   || total
-------------------------++-------
Melee: Mace              ||    85
  Use: Scroll            ||     6
       Potion            ||     1
 Stab: Sleeping          ||     4
Armor: Robe              ||    27
Dodge: Dodged            ||    77
